 Dungeon Crawl Stone Soup version 0.25-a0-1137-g7f6bfe439b (webtiles) character file.

Game seed: 4394088814221503513, levelgen mode: deterministic

2791 vurker the Basher (level 9, -4/92 HPs)
             Began as a Troll Chaos Knight on May 23, 2020.
             Was a Plaything of Xom.
             Slain by a shock serpent (glowing shapeshifter) (14 damage)
             ... on level 7 of the Dungeon.
             The game lasted 00:16:31 (5817 turns).

vurker the Basher (Troll Chaos Knight)              Turns: 5817, Time: 00:16:32

Health: -4/92      AC: 10    Str: 25    XL:     9   Next: 43%
Magic:  8/8        EV: 10    Int:  8    God:    Xom [*.....]
Gold:   327        SH:  0    Dex:  9    Spells: 8/8 levels left

rFire    . . .     SeeInvis .   b - +2 flail (holy)
rCold    . . .     Gourm    +   (no shield)
rNeg     . . .     Faith    .   r - +2 robe {MR+}
rPois    +         Spirit   .   (helmet restricted)
rElec    .         Reflect  .   m - +1 cloak {rPois}
rCorr    .         Harm     .   (gloves unavailable)
MR       ++...                  (boots unavailable)
Stlth    +.........             (no amulet)
HPRegen  0.65/turn              k - ring of protection from magic
MPRegen  0.11/turn              (no ring)

@: no status effects
A: large, unfitting armour, claws 3, fast metabolism 3, gourmand, regeneration
1, shaggy fur 1, tough skin 3
a: Renounce Religion


You were on level 7 of the Dungeon.
You worshipped Xom.
You were a special plaything of Xom.
You were very full.

You visited 1 branch of the dungeon, and saw 7 of its levels.

You collected 327 gold pieces.

Inventory:

Hand Weapons
 a - a +0 giant spiked club
   (You took it off an ogre on level 5 of the Dungeon)
 b - a +2 flail of holy wrath (weapon)
   (You took it off Edmund on level 5 of the Dungeon)
Missiles
 i - 3 boomerangs of dispersal
 j - 10 poisoned darts
 v - 5 silver boomerangs
 B - 8 javelins (quivered)
Armour
 m - a +1 cloak of poison resistance (worn)
   (You took it off Crazy Yiuf on level 5 of the Dungeon)
 r - a +2 robe of magic resistance (worn)
   (You took it off Dowan on level 5 of the Dungeon)
Jewellery
 k - a ring of protection from magic (left claw)
   (You found it on level 3 of the Dungeon)
Wands
 c - a wand of disintegration (6)
   (You found it on level 7 of the Dungeon)
 d - a wand of iceblast (5)
   (You took it off Ijyb on level 4 of the Dungeon)
 t - a wand of flame (25)
   (You found it on level 6 of the Dungeon)
 u - a wand of paralysis (11)
   (You found it on level 7 of the Dungeon)
 E - a wand of polymorph (6)
   (You found it on level 5 of the Dungeon)
Scrolls
 g - 2 scrolls of immolation
 l - 4 scrolls of teleportation
 x - 3 scrolls of remove curse
 y - a scroll of vulnerability {unknown}
 z - a scroll of silence {unknown}
 A - a scroll of fear
 C - a scroll of identify
 D - a scroll of enchant weapon {unknown}
Potions
 f - a potion of haste
 n - 4 potions of lignification
 o - a potion of ambrosia
 p - 2 potions of flight
 q - a potion of might
 s - a potion of heal wounds
 w - 2 potions of curing
 F - a potion of invisibility {unknown}
Comestibles
 e - 12 rations
 h - 5 chunks of flesh


   Skills:
 + Level 6.7 Fighting
 * Level 10.1 Maces & Flails
 - Level 1.9 Dodging


You had 8 spell levels left.
You didn't know any spells.
Your spell library was empty.

Dungeon Overview and Level Annotations

Branches:
Dungeon (7/15)
 Temple: D:4-7

Altars:
Dithmenos
Fedhas
Gozag
Kikubaaqudgha
Makhleb
Qazlal
Xom
Yredelemnul
The Shining One

Shops:
D:4 *   D:5 [


Innate Abilities, Weirdness & Mutations

You are too large for most types of armour.
You have claws for hands.
Your metabolism is lightning-fast.
You like to eat raw meat.
Your natural rate of healing is unusually fast.
You are covered in fur. (AC +1)
You have extremely tough skin. (AC +3)


Message History

Things that are here:
a +0 giant club; an ogre corpse You closely miss the iguana.
The iguana closely misses you.
You hit the iguana.
A moth of wrath comes into view.
The iguana bites you.
You sock the iguana!
The moth of wrath changes into a glowing shapeshifter!
The iguana bites you!
You hit the iguana.
You kill the iguana!
The glowing shapeshifter changes into an elephant!
You hit the elephant. The elephant tramples you!
You hold your ground!
The elephant misses you.
You hit the elephant. The elephant tramples you.
You hold your ground!
The elephant trunk-slaps you.
You hit the elephant but do no damage. The elephant tramples you.
You hold your ground!
The elephant misses you.
You sock the elephant! The elephant closely misses you.
The elephant trunk-slaps you but does no damage.
You hit the elephant but do no damage. The elephant barely misses you.
The elephant trunk-slaps you but does no damage.
You thump the elephant! The elephant barely misses you.
The elephant trunk-slaps you but does no damage.
You sock the elephant!
Xom makes a sudden noise!
You hear snatches of song.
You are now a special plaything of Xom.
You hear an angry buzzing noise. x2
The elephant tramples you but does no damage.
The elephant trunk-slaps you.
You hit the elephant.
The elephant changes into a shock serpent!
You hit the shock serpent but do no damage.
The shock serpent shoots out a bolt of lightning at you!
The bolt of electricity hits you!!
* * * LOW HITPOINT WARNING * * *
You thump the shock serpent!
The shock serpent's electric aura discharges, shocking you!
* * * LOW HITPOINT WARNING * * *
The shock serpent bites you.
* * * LOW HITPOINT WARNING * * *
The shock serpent shocks you!
* * * LOW HITPOINT WARNING * * *
Aim: a shock serpent shaped shifter (lightly wounded, chance to defeat MR: 48%)
The shock serpent is blasted!
The shock serpent's electric aura discharges, shocking you!
* * * LOW HITPOINT WARNING * * *
The shock serpent bites you!
You die...
Xom roars with laughter!

#......## #.# #.......#
#.# #.....# #.# #.....#
#.## #.....## ## #..#
#...%..# <. ##..
#.>.##.# #.# ###. #..##
#S######.# ###... #.#
#.@)..##.# ##...## ♣
#..#
#####....####..####
.♣######.#
###...##..##...
........(#
###..........##
#......#.#
###...........###
.......# .
###..............##
..#..### #.
#...#..............
..#.##
#.###.###......>.......
....# #.....#
##..........#..


You could see a shock serpent shaped shifter.

Vanquished Creatures
  Prince Ribbit (D:5)
  Grinder (D:3)
  A hungry ghost (D:4)
  Edmund (D:5)
  Duvessa (D:5)
  2 ice beasts (D:7)
  A black bear (D:6)
  4 ogres
  2 centaurs
  A big kobold (D:7)
  A water moccasin zombie (D:5)
  A scorpion (D:6)
  Dowan (D:5)
  3 vampire bats (D:5)
  A crimson imp (D:7)
  2 hounds (D:7)
  A jelly (D:6)
  2 bullfrog skeletons
  2 centaur skeletons
  6 orc wizards
  4 iguanas (D:7)
  Crazy Yiuf (D:5)
  Terence (D:3)
  3 worker ants
  Ijyb (D:4)
  Robin (D:3)
  10 adders
  A shadow imp (D:6)
  An ooze (D:3)
  9 worms
  4 dart slugs
  6 leopard geckos
  13 orcs
  10 bats
  5 bat skeletons (D:5)
  A bat zombie (D:5)
  7 giant cockroaches
  17 goblins
  12 hobgoblins
  2 jackals (D:1)
  6 quokkas
  2 ball pythons
  5 frilled lizards
  10 kobolds
  A leopard gecko skeleton (D:6)
  A quokka skeleton (D:5)
  9 rats
  A fungus (D:5)
179 creatures vanquished.

Vanquished Creatures (collateral kills)
  A crimson imp (D:4)
1 creature vanquished.

Grand Total: 180 creatures vanquished

Notes
Turn   | Place    | Note
-------+----------+-------------------------------------------
     0 | D:1      | vurker the Troll Chaos Knight began the quest for the Orb.
     0 | D:1      | Reached XP level 1. HP: 22/22 MP: 0/0
    71 | D:1      | Reached skill level 3 in Maces & Flails
   101 | D:1      | Reached XP level 2. HP: 29/29 MP: 1/1
   716 | D:1      | You fall into a shaft and drop 1 floor!
   859 | D:1      | Reached XP level 3. HP: 36/36 MP: 2/2
  1202 | D:2      | Reached skill level 4 in Maces & Flails
  1202 | D:2      | Reached XP level 4. HP: 30/45 MP: 3/3
  1570 | D:3      | Noticed a centaur
  1592 | D:3      | XOM: silly message
  1595 | D:3      | HP: 2/45 [centaur (2)]
  1596 | D:3      | Killed a centaur
  1596 | D:3      | Reached XP level 5. HP: 3/53 MP: 4/4
  1733 | D:3      | Noticed Robin
  1761 | D:3      | Reached skill level 5 in Maces & Flails
  1768 | D:3      | Killed Robin
  2003 | D:3      | Reached XP level 6. HP: 62/62 MP: 5/5
  2009 | D:3      | XOM: potion effect (curing)
  2017 | D:3      | XOM: divination: detect items
  2052 | D:3      | Noticed Terence
  2084 | D:3      | Killed Terence
  2155 | D:3      | Noticed Grinder
  2156 | D:3      | Paralysed by Grinder for 4 turns
  2167 | D:3      | XOM: potion effect (haste)
  2189 | D:3      | XOM: potion effect (invisibility)
  2195 | D:3      | Killed Grinder
  2195 | D:3      | Reached skill level 6 in Maces & Flails
  2195 | D:3      | Reached XP level 7. HP: 64/70 MP: 6/6
  2371 | D:3      | XOM: cloud trail
  2473 | D:3      | Found a burning altar of Makhleb.
  2473 | D:3      | Noticed a green death
  2476 | D:3      | Noticed a smoke demon
  2476 | D:3      | Noticed a hellwing
  2549 | D:4      | You fall into a shaft and drop 1 floor!
  2549 | D:5      | Entered Level 5 of the Dungeon
  2629 | D:4      | XOM: summons 7 friendly demons
  2665 | D:4      | Found Iddinih's Assorted Antiques.
  2812 | D:4      | XOM: stat loss: -1 Int (7/8)
  2890 | D:4      | Found a blossoming altar of Fedhas.
  3129 | D:4      | Noticed Ijyb
  3133 | D:4      | Killed Ijyb
  3219 | D:4      | Noticed a hungry ghost
  3234 | D:4      | Killed a hungry ghost
  3267 | D:4      | XOM: god gift: 5 silver boomerangs
  3376 | D:4      | XOM: scenery: create altars
  3586 | D:5      | XOM: divination: magic mapping
  3590 | D:5      | XOM: 2-stop teleportation journey
  3653 | D:5      | Noticed Prince Ribbit
  3658 | D:5      | Reached skill level 7 in Maces & Flails
  3658 | D:5      | XOM: noise
  3662 | D:5      | XOM: divination: magic mapping
  3681 | D:5      | Killed Prince Ribbit
  3681 | D:5      | Reached skill level 5 in Fighting
  3791 | D:5      | Found a basalt altar of Yredelemnul.
  3827 | D:5      | Reached XP level 8. HP: 71/80 MP: 7/7
  3899 | D:5      | Noticed Edmund
  3921 | D:5      | Killed Edmund
  3984 | D:5      | Noticed Duvessa
  3984 | D:5      | Noticed Dowan
  3991 | D:5      | Killed Dowan
  4014 | D:5      | Killed Duvessa
  4014 | D:5      | Reached skill level 8 in Maces & Flails
  4089 | D:5      | XOM: silly message
  4118 | D:5      | Found a shadowy altar of Dithmenos.
  4119 | D:5      | Found a shimmering altar of Xom.
  4123 | D:5      | Found a stormy altar of Qazlal.
  4194 | D:5      | Found an opulent altar of Gozag.
  4280 | D:5      | Found Icwy's Antique Armour Shoppe.
  4391 | D:5      | XOM: 7-stop teleportation journey
  4451 | D:5      | Found an ancient bone altar of Kikubaaqudgha.
  4726 | D:5      | Found a runed translucent door.
  4727 | D:5      | Noticed Crazy Yiuf
  4733 | D:5      | Killed Crazy Yiuf
  4826 | D:6      | Reached skill level 9 in Maces & Flails
  4831 | D:6      | XOM: god gift: robe {god gift}
  5143 | D:6      | XOM: noise
  5301 | D:7      | XOM: enchant monster (good)
  5308 | D:7      | Reached XP level 9. HP: 77/89 MP: 8/8
  5323 | D:7      | XOM: 1-stop teleportation journey
  5461 | D:7      | XOM: blink monster(s)
  5471 | D:7      | XOM: noise
  5480 | D:7      | XOM: noise
  5730 | D:7      | Reached skill level 10 in Maces & Flails
  5736 | D:7      | Found a glowing golden altar of the Shining One.
  5783 | D:7      | Noticed a glowing shapeshifter
  5783 | D:7      | a hound changed into a glowing shapeshifter
  5783 | D:7      | XOM: polymorph hound -> glowing shapeshifter
  5783 | D:7      | Noticed an elephant
  5783 | D:7      | a glowing shapeshifter changed into an elephant
  5785 | D:7      | Noticed a glowing orange brain
  5785 | D:7      | an elephant changed into a glowing orange brain
  5786 | D:7      | Noticed a shock serpent
  5786 | D:7      | a glowing orange brain changed into a shock serpent
  5790 | D:7      | Noticed a merfolk
  5790 | D:7      | a shock serpent changed into a merfolk
  5791 | D:7      | Noticed an anaconda
  5791 | D:7      | a merfolk changed into an anaconda
  5803 | D:7      | Noticed a moth of wrath
  5804 | D:7      | Noticed a glowing shapeshifter
  5804 | D:7      | a moth of wrath changed into a glowing shapeshifter
  5805 | D:7      | Noticed an elephant
  5805 | D:7      | a glowing shapeshifter changed into an elephant
  5813 | D:7      | XOM: noise
  5814 | D:7      | Noticed a shock serpent
  5814 | D:7      | an elephant changed into a shock serpent
  5817 | D:7      | Slain by a shock serpent (glowing shapeshifter)

Illustrated notes

Levels and vault maps discovered:
D:1:      dpeg_arrival_simpleton_c, layout_loops_corners
D:2:      layout_rooms, minmay_pentomino_r2
D:3:      layout_basic, makhleb_altar_promises_db, kennysheep_small_spiral,
          uniq_grinder, uniq_terence, uniq_robin
D:4:      layout_loops_ring, fedhas_altar_3, first_ration,
          serial_co_window_serial, co_window_paths_a, co_window_corner_a,
          co_window_of_opportunity_a, co_window_corner_a,
          co_window_of_opportunity_a, co_window_unsneaky_path_c,
          co_window_2corner, co_window_corner_b, co_window_2corner,
          glass_columns_b, glass_columns_a, glass_columns_a, glass_columns_a,
          serial_shops, nicolae_shop_overgrown_old_shop,
          corexii_item_surrounded_by_moat, uniq_ijyb
D:5:      layout_loops_ring, grunt_temple_overflow_open,
          kennysheep_vampire_church, lemuel_crystal_altar, serial_shops,
          nicolae_shop_temple_entry_statues_fountains, basic_altar,
          minmay_statues_item, uniq_duvessa, uniq_crazy_yiuf_cottage,
          uniq_prince_ribbit1, uniq_edmund
D:6:      layout_cave_pools
D:7:      layout_rooms, kennysheep_ying_yang, nicolae_tso_swordbearing_angel,
          temple_statues

Skill      XL: |  1  2  3  4  5  6  7  8  9 |
---------------+----------------------------+-----
Maces & Flails | 3 4 5 6 7 9 10 | 10.1
Fighting       | 3 4 5 6 |  6.7
Dodging        | |  1.9

Action                   |  1- 3 |  4- 6 |  7- 9 || total
-------------------------+-------+-------+-------++-------
Melee: Unarmed           |   151 |   231 |    79 ||   461
       Mace              |       |       |    76 ||    76
       Flail             |       |       |   185 ||   185
Throw: Dart              |       |       |     5 ||     5
       Javelin           |       |       |    12 ||    12
       Boomerang         |       |       |     5 ||     5
Evoke: Wand              |       |       |     3 ||     3
  Use: Potion            |       |     2 |       ||     2
       Scroll            |       |       |    15 ||    15
 Stab: Sleeping          |     1 |       |       ||     1
  Eat: Chunk             |    17 |     9 |    41 ||    67
Armor: Robe              |    74 |    97 |   128 ||   299
Dodge: Dodged            |    79 |   114 |   179 ||   372

Table legend:
 A = Non-vault XP
 B = Vault XP
 C = Vault XP percentage of total XP
 D = Non-vault monster count
 E = Vault monster count
 F = Vault count percentage of total count
                 A         B        C        D         E       F
            +---------+---------+-------+---------+---------+-------
      Total |    2786 |    1202 |  30.1 |     149 |      30 |  16.8
            +---------+---------+-------+---------+---------+-------
        D:1 |      41 |       0 |   0.0 |      26 |       0 |   0.0
        D:2 |      85 |      11 |  11.5 |      26 |       4 |  13.3
        D:3 |     340 |     311 |  47.8 |      34 |      11 |  24.4
        D:4 |     240 |      35 |  12.7 |       7 |       1 |  12.5
        D:5 |     382 |     845 |  68.9 |      14 |      14 |  50.0
        D:6 |     439 |       0 |   0.0 |      16 |       0 |   0.0
        D:7 |    1259 |       0 |   0.0 |      26 |       0 |   0.0
            +---------+---------+-------+---------+---------+-------
